 Dungeon Crawl Stone Soup version 0.30-a0-4-ga7cffc901d (webtiles) character file.

Game seed: 17022944181781343841

688 flotson the Trooper (level 7, 0/55 HPs)
             Began as a Demonspawn Delver on Aug 21, 2022.
             Killed by divine providence
             ... invoked by an orc priest
              (12 damage)
             ... on level 4 of the Dungeon.
             The game lasted 00:04:38 (3464 turns).

flotson the Trooper (Demonspawn Delver)             Turns: 3464, Time: 00:04:38

Health: 0/55       AC:  9    Str: 15    XL:     7   Next: 36%
Magic:  7/7        EV: 12    Int: 11    God:
Gold:   220        SH:  0    Dex: 14    Spells: 6/6 levels left

rFire   + . .      SeeInvis .    a - +0 hand axe
rCold   + . .      Faith    .    (no shield)
rNeg    . . .      Spirit   .    h - +0 ring mail
rPois   .          Reflect  .    (helmet restricted)
rElec   .          Harm     .    (no cloak)
rCorr   .          Rampage  .    s - +2 pair of gloves
Will    .....                    k - +0 pair of boots
Stlth   ++........               (no amulet)
HPRegen 0.18/turn                f - ring of protection from fire
MPRegen 0.10/turn                o - ring of protection from cold

@: no status effects
A: horns 1, ignite blood 3, spiny 1
a: no special abilities


You were on level 4 of the Dungeon.
You visited 1 branch of the dungeon, and saw 5 of its levels.

You collected 220 gold pieces.

Inventory:

Hand Weapons
 a - a +0 hand axe (weapon)
Missiles
 d - 6 poisoned darts (quivered)
 p - 3 boomerangs
Armour
 h - a +0 ring mail (worn)
 k - a +0 pair of boots (worn)
 s - a +2 pair of gloves (worn)
Jewellery
 f - a ring of protection from fire (left hand)
 o - a ring of protection from cold (right hand)
Wands
 g - a wand of digging (3)
Scrolls
 c - a scroll of fog
 e - 7 scrolls of identify {unknown}
 j - 3 scrolls of teleportation {unknown}
 m - a scroll of magic mapping
 n - 2 scrolls of poison {unknown}
 r - a scroll of noise {unknown}
 t - a scroll of vulnerability {unknown}
 v - 2 scrolls of immolation {unknown}
 w - a scroll of fear
Potions
 b - a potion of curing {unknown}
 i - a potion of might {unknown}
 l - a potion of lignification {unknown}
 q - 4 potions of heal wounds {unknown}
 u - 2 potions of flight {unknown}
 x - 2 potions of haste
 z - a potion of mutation {unknown}
 A - a potion of degeneration {unknown}


   Skills:
 + Level 4.8 Fighting
 - Level 1.7 Axes
 + Level 2.5 Throwing
 + Level 3.0 Armour
 + Level 3.7 Dodging
 - Level 4.5 Stealth
 + Level 3.4 Evocations


You had 6 spell levels left.
You didn't know any spells.
Your spell library contained the following spells:

 Spells                   Type           Power      Damage    Failure   Level
 Ensorcelled Hibernation  Hex/Ice        0%         N/A       71%         2
 Passwall                 Tmut/Erth      0%         N/A       71%         2
 Dazzling Flash           Conj/Hex       0%         N/A       90%         3
 Gell's Gravitas          Tloc           0%         N/A       90%         3
 Lesser Beckoning         Tloc           0%         N/A       90%         3
 Swiftness                Air            0%         N/A       90%         3
 Teleport Other           Tloc           0%         N/A       90%         3
 Iskenderun's Mystic Bla  Conj/Tloc      0%         2d3       100%        4
 Starburst                Conj/Fire      0%         6d3       100%        6


Dungeon Overview and Level Annotations

Branches:
Dungeon (5/15)
 Temple: D:4-7

Altars:


Innate Abilities, Weirdness & Mutations

You have a pair of small horns on your head.
Your demonic aura causes all spilled blood to erupt in flames.
You are partially covered in sharp spines.


Message History

The orc warrior shouts!
The hound bites you. The hound is struck by your spines. The hound bites you.
You closely miss the hound.
The hound is moderately wounded.
The hound is struck by your spines. The hound closely misses you.
The hound bites you but does no damage.
You closely miss the hound.
The hound is heavily wounded.
The hound is struck by your spines. The hound completely misses you.
The orc priest casts a cantrip, but nothing happens.
The hound is struck by your spines.
You kill the hound!
The orc warrior closely misses you.
You closely miss the orc warrior. The orc warrior barely misses you.
You hit the orc warrior but do no damage.
Your headbutt misses the orc warrior.
The orc warrior hits you with a +0 scimitar.
You hit the orc warrior.
The orc warrior is lightly wounded.
The orc warrior hits you with a +0 scimitar!
The orc warrior is engulfed in blazing flames.
The orc warrior hits you with a +0 scimitar!
You are too injured to fight recklessly!
You are too injured to fight recklessly!
You are too injured to fight recklessly!
You are too injured to fight recklessly!
You are too injured to fight recklessly!
You are too injured to fight recklessly!
You are too injured to fight recklessly!
You are too injured to fight recklessly!
Unknown command.
You closely miss the orc warrior.
The orc warrior is moderately wounded.
The orc warrior is engulfed in blazing flames.
The orc warrior hits you with a +0 scimitar!
* * * LOW HITPOINT WARNING * * *
Unknown command.
The orc priest calls down the wrath of Beogh upon you.
Beogh smites you!
You die...

###. #.#.##............
###. #.#.# .#.###...###
....###.#.# #..........
#.........# ...........
'.........## .........##
#..........#............
#..........#............
#..........#.#########..
##'###@#..#.#########..
#ยง#..#.........#..
#o#..#.........#..
#o#..#.........###
#.#............###
..#...)........#..
..............).#.#
#......#..).........
#...............##+#


You could see an orc warrior and an orc priest.

Vanquished Creatures
  Sigmund (D:2)
  2 black bears (D:4)
  Blork the orc (D:4)
  A howler monkey (D:5)
  3 hounds
  Terence (D:2)
  An orc wizard (D:4)
  2 adders
  A shadow imp (D:5)
  An ufetubus (D:5)
  4 worms
  3 dart slugs
  2 orcs (D:4)
  8 endoplasms
  4 giant cockroaches
  5 goblins
  4 hobgoblins
  4 jackals (D:1)
  5 ball pythons
  5 bats
  2 frilled lizards (D:2)
  8 kobolds
  3 rats
71 creatures vanquished.

Vanquished Creatures (others)
  3 plants (D:1)
3 creatures vanquished.

Grand Total: 74 creatures vanquished

Notes
Turn   | Place    | Note
-------+----------+-------------------------------------------
     0 | D:5      | flotson the Demonspawn Delver began the quest for the Orb.
     0 | D:5      | Reached XP level 1. HP: 18/18 MP: 1/1
     7 | D:5      | Noticed a hound
    20 | D:5      | Killed a hound
    21 | D:5      | Reached skill level 1 in Armour
    21 | D:5      | Reached skill level 1 in Evocations
    21 | D:5      | Gained mutation: Your demonic aura sometimes causes spilled
                  | blood to erupt in flames. [demonic ancestry]
    21 | D:5      | Reached XP level 2. HP: 17/24 MP: 2/2
    21 | D:5      | Gained mutation: You have a pair of small horns on your
                  | head. [demonic ancestry]
    21 | D:5      | Reached XP level 3. HP: 21/29 MP: 3/3
   541 | D:5      | Gained mutation: You are partially covered in sharp spines.
                  | [demonic ancestry]
   541 | D:5      | Reached XP level 4. HP: 36/36 MP: 4/4
   624 | D:5      | Noticed a necrophage
   636 | D:5      | Noticed a black bear
   638 | D:5      | Noticed a black bear
   702 | D:4      | Noticed a black bear
   714 | D:4      | Killed a black bear
   715 | D:4      | Reached skill level 1 in Throwing
   715 | D:4      | Gained mutation: Your demonic aura often causes spilled
                  | blood to erupt in flames. [demonic ancestry]
   715 | D:4      | Reached XP level 5. HP: 14/42 MP: 5/5
   730 | D:4      | Noticed an orc warrior
  1018 | D:2      | Noticed Sigmund
  1165 | D:1      | Found a faded altar of an unknown god.
  2028 | D:2      | Killed Sigmund
  2029 | D:2      | Reached XP level 6. HP: 28/49 MP: 6/6
  2240 | D:2      | Noticed Terence
  2247 | D:2      | Killed Terence
  3110 | D:4      | Gained mutation: Your demonic aura causes all spilled blood
                  | to erupt in flames. [demonic ancestry]
  3110 | D:4      | Reached XP level 7. HP: 52/55 MP: 7/7
  3356 | D:4      | Noticed Blork the orc
  3361 | D:4      | Killed Blork the orc
  3464 | D:4      | Killed from afar by an orc priest

Illustrated notes

Levels and vault maps discovered:
D:1:      dpeg_arrival_signposts, layout_rooms,
          hellmonk_ecumenical_altar_dog_temple, serial_forest,
          infiniplex_forest_end_1, infiniplex_forest_clump_C,
          infiniplex_forest_lined_1, infiniplex_forest_clump_small,
          infiniplex_forest_clump_long, infiniplex_forest_end_1,
          infiniplex_forest_lined_ring, infiniplex_forest_lined_2
D:2:      layout_rooms, minmay_misc_feat_tiny, uniq_sigmund, uniq_terence
D:3:      layout_rooms
D:4:      layout_basic, gammafunk_temple_overflow_claw, uniq_blork_the_orc,
          uniq_crazy_yiuf_cottage
D:5:      layout_basic, serial_curves, eino_curves_04, eino_curves_03,
          eino_curves_03

Skill      XL: |  1  2  3  4  5  6  7 |
---------------+----------------------+-----
Armour         | 1 2 3 |  3.0
Dodging        | 2 3 |  3.7
Evocations     | 1 2 3 |  3.4
Throwing       | 1 2 |  2.5
Fighting       | 4 |  4.8
Axes           | |  1.7
Stealth        | |  4.5

Action                   |  1- 3 |  4- 6 |  7- 9 || total
-------------------------+-------+-------+-------++-------
Melee: Hand axe          |    24 |   155 |    13 ||   192
       Headbutt          |     2 |    32 |       ||    34
       Punch             |       |     2 |       ||     2
  Use: Potion            |     1 |       |       ||     1
       Scroll            |       |     2 |       ||     2
 Stab: Sleeping          |     3 |     5 |     1 ||     9
       Distracted        |       |     1 |       ||     1
Armor: Leather armour    |     7 |     3 |       ||    10
       Ring mail         |       |    44 |     3 ||    47
Dodge: Dodged            |    20 |    79 |     4 ||   103

Table legend: (Time is in decaauts)
 A = Elapsed time spent in this place.
 B = Non-inter-level travel time spent in this place.
 C = Inter-level travel time spent in this place.
 D = Time resting spent in this place.
 E = Time spent auto-exploring this place.
 F = Levels seen in this place.
 G = Mean time per level.
                   A        B        C        D        E       F      G
               +--------+--------+--------+--------+--------+-----+--------+
         Total |   3482 |   3370 |    112 |      0 |   2758 |   5 |  696.4 |
       Dungeon |   3482 |   3370 |    112 |      0 |   2758 |   5 |  696.4 |
               +--------+--------+--------+--------+--------+-----+--------+

Top non-repeatable levels by time:
     D:1: 937 daAuts
     D:2: 734 daAuts
     D:3: 676 daAuts
     D:5: 633 daAuts
     D:4: 499 daAuts
